[Event "Titled Tuesday Blitz November 08 Late 2022"]
[White "Mikhalsky, Vladimir"]
[Black "Ristic, Nebojsa B"]
[WhiteFideId "14144352"]
[BlackFideId "935468"]
[WhiteElo "2271"]
[BlackElo "2320"]
[Result "1-0"]
[Round "06"]
[TimeControl "180+1"]
[Date "2022.11.09"]
[WhiteClock "0:00:08"]
[BlackClock "0:00:08"]

1. d4 Nf6 2. c4 e6 3. g3 g6 4. Bg2 Bg7 5. e4 O-O 6. Nc3 c6 7. e5 Ne8 8. Nf3 d6 9. Bf4 b6 10. O-O Bb7 11. c5 bxc5 12. dxc5 d5 13. Qd2 Ba6 14. Rfd1 Nd7 15. b4 Rb8 16. a3 Nc7 17. Nd4 Bb7 18. Re1 Qe7 19. Bg5 f6 20. exf6 Bxf6 21. Bh6 Rf7 22. f4 a5 23. Bh3 axb4 24. axb4 Nf8 25. Ra7 Qd7 26. Bxf8 Rfxf8 27. Nxe6 Rfe8 28. Nxc7 Rxe1+ 29. Qxe1 Qxh3 30. Na4 Qd7 31. Qe6+ Qxe6 32. Nxe6 Kf7 33. Ng5+ Bxg5 34. fxg5 d4 35. b5 Ke6 36. b6 Kd5 37. Kf2 Kc4 38. Ke1 Kb3 39. Kd2 Bc8 40. Kd3 Bf5+ 41. Kxd4 Re8 42. b7 Re4+ 43. Kd3 Rxa4+ 44. Ke3 Rb4 45. Ra6 Rxb7 46. Rxc6 Kc4 47. Rb6 Rc7 48. c6 Kc5 49. Rb7 Kxc6 50. Rb8 Re7+ 51. Kf4 Re4+ 52. Kf3 Kc7 53. Rh8 Re7 54. h4 Rf7 55. Ke3 Be6 56. Ke4 Kd6 57. Rd8+ Ke7 58. Ra8 Bf5+ 59. Ke5 Bd7 60. Ra7 Rf5+ 61. Ke4 Rf1 62. Ke3 Kd6 63. Ra6+ Bc6 64. Ra7 Bd7 65. Ra6+ Ke5 66. Ra5+ Ke6 67. Ra6+ Ke7 68. Ra7 Re1+ 69. Kf4 Rf1+ 70. Ke4 Rf5 71. Ra6 Rb5 72. Ke3 Rb3+ 73. Kf4 Rb4+ 74. Kf3 Rc4 75. Rb6 Bc6+ 76. Ke3 Kd6 77. Rb8 Rc3+ 78. Kf4 Rc4+ 79. Ke3 Re4+ 80. Kf2 Kc7 81. Rh8 Re7 82. Rf8 Bd5 83. Rh8 Kd6 84. Rd8+ Ke5 85. Rb8 Rf7+ 86. Kg1 Kd4 87. Rb4+ Ke3 88. Rb5 Be4 89. Rb3+ Bd3 90. Rb2 Rf1+ 91. Kg2 Rf7 92. Kh3 Be4 93. Rb3+ Ke2 94. Rb4 Kd3 95. Kg4 Bf3+ 96. Kh3 Be4 97. Kg4 Bf5+ 98. Kf4 Be4+ 99. Ke5 Bg2 100. Rb3+ Kc4 101. Ra3 Rf3 102. Rxf3 Bxf3 103. Kf6 Kd4 104. Kg7 Ke5 105. Kxh7 Bh5 106. g4 Bxg4 107. Kxg6 Bf5+ 108. Kg7 Ke6 109. h5 Ke7 110. h6 Ke8 111. h7 Bxh7 112. Kxh7 Kf8 113. g6 Ke7 114. g7 Kf6 115. g8=Q 1-0


[Site "https://www.chess.com"]

[Event "Titled Tuesday Blitz November 08 Late 2022"]
[White "Muhammad, Shahzeb"]
[Black "Kovacevic, Radmila"]
[WhiteFideId "7804806"]
[BlackFideId "933171"]
[WhiteElo "2365"]
[BlackElo "2208"]
[Result "1-0"]
[Round "06"]
[TimeControl "180+1"]
[Date "2022.11.09"]
[WhiteClock "0:01:01"]
[BlackClock "0:00:16"]

1. e4 e5 2. Nf3 f5 3. d4 fxe4 4. Nxe5 Nf6 5. Bg5 d6 6. Nc4 Be7 7. Nc3 Bf5 8. Bxf6 Bxf6 9. Qh5+ Bg6 10. Qb5+ Nd7 11. Qxb7 O-O 12. O-O-O Bg5+ 13. Kb1 Rxf2 14. Nxe4 Rb8 15. Qd5+ Kh8 16. Nxf2 Nf6 17. Qxg5 c6 18. Bd3 Bf7 19. Rhe1 Rb5 20. Qd2 Qb8 21. c3 Nd5 22. Nxd6 Qxd6 23. Bxb5 cxb5 24. Ne4 Qg6 25. Ka1 h6 26. Nc5 Qb6 27. Re5 Qa5 28. Rxd5 Bxd5 29. b3 Qa3 30. Re1 a5 31. Re8+ Bg8 32. Qb2 b4 33. Qxa3 bxa3 34. Kb1 Kh7 35. Rxg8 Kxg8 36. Kc2 Kf7 37. Kd3 Ke7 38. Ke4 g6 39. d5 Kd6 40. Nb7+ Kc7 41. Nxa5 g5 42. Nc4 h5 43. Ke5 g4 44. d6+ Kc6 45. Ke6 Kc5 46. d7 h4 47. d8=Q g3 48. Qd6+ Kb5 49. Qb6# 1-0


[Site "https://www.chess.com"]

[Event "Titled Tuesday Blitz November 08 Late 2022"]
[White "Nakamura, Hikaru"]
[Black "Svane, Rasmus"]
[WhiteFideId "2016192"]
[BlackFideId "4657101"]
[WhiteElo "2909"]
[BlackElo "2674"]
[Result "1/2-1/2"]
[Round "06"]
[TimeControl "180+1"]
[Date "2022.11.08"]
[WhiteClock "0:00:27"]
[BlackClock "0:00:08"]

1. Nf3 d5 2. g3 Nf6 3. Bg2 e6 4. d3 Be7 5. Nbd2 Nc6 6. e4 dxe4 7. dxe4 e5 8. O-O O-O 9. c3 a5 10. Qc2 Bc5 11. Nc4 Qe7 12. Re1 Ng4 13. Re2 Be6 14. Ncd2 Rfd8 15. h3 Nf6 16. Ng5 Nh5 17. Nf1 Bc4 18. Rd2 Qxg5 19. Rd4 Nxd4 20. cxd4 Qg6 21. Qxc4 Bxd4 22. Ne3 c6 23. Nf5 Qe6 24. Qe2 g6 25. h4 gxf5 26. Qxh5 Qg6 27. Qxf5 Qxf5 28. exf5 a4 29. Rb1 f6 30. Bf1 Kf7 31. Bc4+ Ke7 32. Kf1 b5 33. Be6 c5 34. g4 Rd6 35. Ke2 c4 36. Bd2 Rxe6 37. fxe6 Kxe6 38. Bb4 Rg8 39. Kf3 h5 40. gxh5 Kf5 41. Bd2 e4+ 42. Ke2 Rg2 43. Be3 Bxe3 44. Kxe3 Rh2 45. Rd1 Rh3+ 46. Ke2 Rxh4 47. Rd5+ Kf4 48. Rxb5 f5 49. Rc5 Rxh5 50. Rxc4 a3 51. b4 Rh1 52. Rc3 Rb1 53. Rxa3 Rxb4 54. Rb3 Rc4 55. a3 Rc2+ 56. Kf1 Ra2 57. Kg2 Kg4 58. Rg3+ Kf4 59. Rb3 Ra1 60. Rc3 Rb1 61. Rh3 Ra1 62. Rb3 Kg5 63. Rg3+ Kf6 64. Rb3 Ra2 65. Kg3 Kg5 66. f4+ Kh5 67. Rc3 Rd2 68. Rb3 Rc2 69. Re3 Rb2 70. Rc3 Ra2 71. Kh3 Rd2 72. Kg3 Ra2 73. Kh3 Ra1 74. Rg3 Rd1 75. Rg5+ Kh6 76. Rxf5 Rd3+ 77. Kg4 Rxa3 78. Rf6+ Kg7 79. Re6 e3 80. Kg5 Kf7 81. f5 e2 82. Rxe2 Rg3+ 83. Kf4 Rg1 84. Rh2 Rf1+ 85. Kg5 Rg1+ 86. Kf4 Rf1+ 87. Ke3 Rxf5 88. Rf2 Rxf2 89. Kxf2 1/2-1/2


[Site "https://www.chess.com"]

[Event "Titled Tuesday Blitz November 08 Late 2022"]
[White "Oglaza, Oskar"]
[Black "Danielyan, Vahe"]
[WhiteFideId "1194402"]
[BlackFideId "13304828"]
[WhiteElo "2204"]
[BlackElo "2423"]
[Result "0-1"]
[Round "06"]
[TimeControl "180+1"]
[Date "2022.11.09"]
[WhiteClock "0:00:03"]
[BlackClock "0:01:02"]

1. e4 e6 2. d4 d5 3. Nc3 dxe4 4. Nxe4 Nf6 5. Bg5 Be7 6. Bxf6 gxf6 7. Nf3 f5 8. Ng3 Nd7 9. Bc4 Nf6 10. Qe2 Bd7 11. Ne5 O-O 12. Nh5 Kh8 13. O-O-O b5 14. Bd3 Nd5 15. g4 Bg5+ 16. Kb1 b4 17. gxf5 exf5 18. f4 Nxf4 19. Nxf4 Bxf4 20. Qf3 Bxe5 21. dxe5 Qe7 22. Bxf5 Bxf5 23. Qxf5 Rae8 24. Rhe1 Qe6 25. Qf2 a5 26. Qc5 Qb6 27. Qxb6 cxb6 28. b3 Re6 29. Rd6 Rfe8 30. Rd7 Kg8 31. Rg1+ Kf8 32. Rf1 R8e7 33. Rd8+ Kg7 34. Rg1+ Rg6 35. Rxg6+ hxg6 36. Rd6 Rxe5 37. Rxb6 f5 38. Kc1 f4 39. Kd2 f3 40. Rb7+ Kf6 41. Rb8 Kg5 42. Rf8 Rf5 43. Rxf5+ Kxf5 44. Ke3 Kg4 0-1


[Site "https://www.chess.com"]

[Event "Titled Tuesday Blitz November 08 Late 2022"]
[White "Onslow, Alfie"]
[Black "Burke, Paul"]
[WhiteFideId "436976"]
[BlackFideId "2605767"]
[WhiteElo "2015"]
[BlackElo "1810"]
[Result "1-0"]
[Round "06"]
[TimeControl "180+1"]
[Date "2022.11.09"]
[WhiteClock "0:02:12"]
[BlackClock "0:00:04"]

1. Nf3 a6 2. e4 d6 3. d4 g6 4. Bc4 Bg7 5. O-O e6 6. c3 h6 7. a4 Ne7 8. Re1 b6 9. Nbd2 Bb7 10. Nf1 Nd7 11. Bb3 O-O 12. h4 Nf6 13. Ng3 d5 14. e5 Ne4 15. Bc2 Nxg3 16. fxg3 Nf5 17. Bf4 c5 18. Qd2 Kh7 19. Kf2 cxd4 20. cxd4 Rc8 21. Rac1 a5 22. h5 Rh8 23. g4 Nh4 24. Rh1 Nxf3 25. gxf3 Kg8 26. hxg6 fxg6 27. Bxg6 Rxc1 28. Rxc1 Qh4+ 29. Bg3 Qh3 30. Rc7 Ba6 31. Bd3 Bxd3 32. Qxd3 Bf8 33. Qg6+ 1-0


[Site "https://www.chess.com"]

[Event "Titled Tuesday Blitz November 08 Late 2022"]
[White "Paiva, Henrique M A Albergaria"]
[Black "Bogaudinov, Rushan"]
[WhiteFideId "1920995"]
[BlackFideId "4129288"]
[WhiteElo "1953"]
[BlackElo "1997"]
[Result "1/2-1/2"]
[Round "06"]
[TimeControl "180+1"]
[Date "2022.11.09"]
[WhiteClock "0:00:33"]
[BlackClock "0:00:31"]

1. d4 Nf6 2. Nf3 d5 3. c4 dxc4 4. e3 e6 5. Bxc4 c5 6. O-O Nc6 7. a3 a6 8. dxc5 Qxd1 9. Rxd1 Bxc5 10. b4 Be7 11. Bb2 b5 12. Be2 Bb7 13. Nbd2 O-O 14. Nb3 Rfd8 15. Rac1 Rxd1+ 16. Bxd1 Rd8 17. Be2 Ne4 18. Kf1 h6 19. Ke1 g5 20. Nfd4 Nxd4 21. Bxd4 Bd5 22. Nc5 Nxc5 23. Bxc5 Bxc5 24. Rxc5 Bxg2 25. f3 Bh3 26. e4 Kg7 27. Rc6 Ra8 28. Kf2 e5 29. Rc5 Kf6 30. Rc6+ Be6 31. Bf1 Ke7 32. Kg3 Kd7 33. Rc5 Kd6 34. h4 f6 35. hxg5 fxg5 36. Bh3 Bxh3 37. Kxh3 Rf8 38. Kg4 Rf4+ 39. Kg3 h5 40. Rd5+ Ke6 41. Rc5 g4 42. fxg4 hxg4 43. Rc6+ Kd7 44. Rxa6 Rxe4 45. Rb6 Ke7 46. Rxb5 Kf6 47. Rb8 Rc4 48. Rf8+ Kg5 49. Rg8+ Kf5 50. Rf8+ Ke6 51. Re8+ Kf6 52. b5 Ra4 53. b6 Rxa3+ 54. Kxg4 Rb3 55. Rf8+ Ke7 56. Rh8 Rxb6 57. Rh7+ Ke8 58. Kf5 Rb5 59. Ke6 Kf8 60. Kf5 Kg8 61. Rc7 Kf8 62. Ra7 Ke8 63. Rh7 Kd8 64. Rf7 Kc8 65. Re7 e4+ 66. Kf4 e3 67. Rxe3 Kd7 68. Re5 Rxe5 69. Kxe5 1/2-1/2


[Site "https://www.chess.com"]

[Event "Titled Tuesday Blitz November 08 Late 2022"]
[White "Pap, Gyula"]
[Black "Wieczorek, Oskar"]
[WhiteFideId "725323"]
[BlackFideId "1133950"]
[WhiteElo "2519"]
[BlackElo "2404"]
[Result "0-1"]
[Round "06"]
[TimeControl "180+1"]
[Date "2022.11.08"]
[WhiteClock "0:00:01"]
[BlackClock "0:00:04"]

1. d4 Nf6 2. c4 c5 3. d5 g6 4. Nc3 Bg7 5. e4 d6 6. Nf3 O-O 7. Bd3 e6 8. O-O exd5 9. exd5 Bg4 10. h3 Bxf3 11. Qxf3 Nfd7 12. Qd1 Na6 13. Re1 Nc7 14. Bf4 Ne5 15. Bf1 f5 16. Qd2 Qh4 17. Rad1 h6 18. Bg3 Qg5 19. Bf4 Qh4 20. b3 Rae8 21. Ne2 Kh7 22. Bg3 Qd8 23. Nf4 g5 24. Ne6 Nxe6 25. Bxe5 Bxe5 26. dxe6 Rxe6 27. g3 Qf6 28. Qd5 Re7 29. Bd3 Kh8 30. Re2 f4 31. g4 f3 32. Re4 h5 33. Bc2 Qh6 34. h4 hxg4 35. Rxg4 Rg7 36. Kh1 gxh4 37. Rxg7 Qxg7 38. Rg1 Qh6 39. Qe4 h3 40. Qg4 h2 41. Rf1 Rg8 42. Qxf3 Qh4 43. Qe4 Qxe4+ 44. Bxe4 Kg7 45. Bxb7 Kf6 46. f4 Bd4 47. Kxh2 Rb8 48. Be4 Rh8+ 49. Kg3 a5 50. Bf3 Rg8+ 51. Bg4 a4 52. Re1 a3 53. Re6+ Kf7 54. Rxd6 Rh8 55. Rd7+ Kf6 56. Rd6+ Kf7 57. Bh3 Rg8+ 58. Kf3 Rh8 59. Bg4 Rh2 60. Ra6 Rxa2 61. f5 Ra1 62. Bh5+ Kg7 63. Rg6+ Kh7 64. Ra6 a2 65. Ke2 Rh1 66. Bg6+ Kg7 67. Rxa2 Rh2+ 68. Kd3 Rxa2 69. b4 Ra3+ 70. Ke4 Re3+ 71. Kd5 Rd3 72. b5 Kf6 73. b6 Rb3 74. Kc6 Rb4 75. b7 Be5 0-1


[Site "https://www.chess.com"]

[Event "Titled Tuesday Blitz November 08 Late 2022"]
[White "Papayan, Oleg"]
[Black "Silva, Caio Henrique Angelico"]
[WhiteFideId "4193911"]
[BlackFideId "22777210"]
[WhiteElo "2153"]
[BlackElo "1990"]
[Result "1/2-1/2"]
[Round "06"]
[TimeControl "180+1"]
[Date "2022.11.09"]
[WhiteClock "0:00:17"]
[BlackClock "0:00:38"]

1. e4 c6 2. Nc3 d5 3. Nf3 Bg4 4. Qe2 e6 5. exd5 cxd5 6. Qb5+ Nd7 7. Qxb7 Bxf3 8. gxf3 Bc5 9. Bb5 Nf6 10. Na4 Rb8 11. Qa6 O-O 12. Bxd7 Nxd7 13. Nxc5 Nxc5 14. Qxa7 Qd6 15. d4 Nd7 16. Qa3 Qxa3 17. bxa3 Nb6 18. Bd2 Rfc8 19. O-O-O Ra8 20. Bb4 Nc4 21. Rd3 Ra4 22. Rb3 g6 23. Rd1 Rca8 24. Rdd3 Kg7 25. Kd1 Kf6 26. Ke1 Kf5 27. Kf1 h5 28. Kg2 g5 29. h3 Rg8 30. Kg3 f6 31. Rb1 Rga8 32. Rbb3 Rg8 33. Bc5 Rga8 34. Bb4 Rg8 1/2-1/2


[Site "https://www.chess.com"]

[Event "Titled Tuesday Blitz November 08 Late 2022"]
[White "Pinheiro, Iung Alicio de O."]
[Black "Mikhailov, Viacheslav"]
[WhiteFideId "2104350"]
[BlackFideId "4187369"]
[WhiteElo "2283"]
[BlackElo "2381"]
[Result "1-0"]
[Round "06"]
[TimeControl "180+1"]
[Date "2022.11.09"]
[WhiteClock "0:00:20"]
[BlackClock "0:00:01"]

1. e4 d6 2. d4 Nf6 3. Nc3 g6 4. Be3 Bg7 5. Qd2 O-O 6. O-O-O c6 7. Bh6 b5 8. f3 Be6 9. Kb1 b4 10. Nce2 a5 11. h4 a4 12. h5 b3 13. cxb3 axb3 14. a3 Qa5 15. Nc3 Nbd7 16. hxg6 fxg6 17. Bxg7 Kxg7 18. Qh6+ Kg8 19. Nge2 Nb6 20. Nf4 Bf7 21. g4 g5 22. e5 dxe5 23. Bd3 e4 24. fxe4 gxf4 25. e5 Rfd8 26. exf6 Bg6 27. Qg7# 1-0


[Site "https://www.chess.com"]

[Event "Titled Tuesday Blitz November 08 Late 2022"]
[White "Poliakova, Varvara"]
[Black "Martinez Reyes, Pedro Ramon"]
[WhiteFideId "13518313"]
[BlackFideId "3901807"]
[WhiteElo "2099"]
[BlackElo "2354"]
[Result "1-0"]
[Round "06"]
[TimeControl "180+1"]
[Date "2022.11.09"]
[WhiteClock "0:00:17"]
[BlackClock "0:00:13"]

1. e4 c6 2. d4 Na6 3. Nd2 Nc7 4. Ngf3 d5 5. e5 Bf5 6. c3 e6 7. Be2 Ne7 8. Nf1 Bg4 9. Ne3 Bxf3 10. Bxf3 Ng6 11. b4 Nh4 12. Be2 a5 13. bxa5 Rxa5 14. Bd3 Ba3 15. Bxa3 Rxa3 16. Nc2 Rxc3 17. Qd2 Nxg2+ 18. Kf1 Rxd3 19. Qxd3 Nf4 20. Qg3 Ng6 21. h4 h5 22. Kg2 Rh6 23. Rh3 Ne7 24. Kh2 Nf5 25. Qb3 Qa8 26. Rb1 b5 27. Rg1 Kd7 28. Qb2 Qa4 29. Nb4 Na6 30. Nxa6 Qxa6 31. Ra3 Qb6 32. Qb4 Qxd4 33. Qxd4 Nxd4 34. Ra7+ Ke8 35. Rxg7 Rg6 36. Rgxf7 c5 37. Rae7+ Kd8 38. Rb7 Ke8 39. Kh3 Nc6 40. Rh7 Rg8 41. Rbc7 Nd8 42. Rce7+ Kf8 43. Rd7 Nc6 44. Rd6 Ne7 45. Rd8# 1-0


[Site "https://www.chess.com"]

[Event "Titled Tuesday Blitz November 08 Late 2022"]
[White "Preotu, Razvan"]
[Black "Ibarra Jerez, Jose Carlos"]
[WhiteFideId "2613280"]
[BlackFideId "2226332"]
[WhiteElo "2407"]
[BlackElo "2638"]
[Result "1-0"]
[Round "06"]
[TimeControl "180+1"]
[Date "2022.11.08"]
[WhiteClock "0:00:05"]
[BlackClock "0:00:13"]

1. e4 c5 2. Nf3 Nc6 3. Bb5 e6 4. O-O Nge7 5. Re1 Nd4 6. Nxd4 cxd4 7. c3 a6 8. Bf1 Nc6 9. a4 Qc7 10. Na3 Bc5 11. b4 Ba7 12. b5 Ne5 13. Bb2 dxc3 14. Bxc3 h5 15. Bxe5 Qxe5 16. Nc4 Qd4 17. Qf3 Bc5 18. b6 Bxb6 19. Nxb6 Qxb6 20. a5 Qd4 21. Rac1 d6 22. Rc7 Bd7 23. Rxd7 Kxd7 24. Qxf7+ Kd8 25. Rb1 Ra7 26. Rb6 Re8 27. h4 Re7 28. Qf8+ Re8 29. Qf7 Qc5 30. Qxg7 Qxa5 31. Rxd6+ Kc8 32. Qd7+ Kb8 33. Qxe8+ Kc7 34. Qd8# 1-0


[Site "https://www.chess.com"]

[Event "Titled Tuesday Blitz November 08 Late 2022"]
[White "Putnam, Liam"]
[Black "Makaraci, Tunahan"]
[WhiteFideId "30938279"]
[BlackFideId "6356559"]
[WhiteElo "2082"]
[BlackElo "2161"]
[Result "1-0"]
[Round "06"]
[TimeControl "180+1"]
[Date "2022.11.09"]
[WhiteClock "0:01:51"]
[BlackClock "0:01:34"]

1. Nf3 d5 2. e3 Nf6 3. c4 e6 4. Nc3 c5 5. cxd5 exd5 6. d4 c4 7. e4 dxe4 8. Ne5 Bb4 9. Qa4+ Nc6 10. Nxc6 Bxc3+ 11. bxc3 bxc6 12. Qxc6+ Bd7 13. Qxc4 O-O 14. Qb3 Rb8 15. Qc2 Bf5 16. Be3 Nd5 17. Bc4 Nxe3 18. fxe3 Rc8 19. Be2 Qh4+ 20. g3 Qh3 21. Bf1 Qh6 22. Qd2 Bh3 23. Be2 Bg2 24. Rg1 Qxh2 25. O-O-O Rc7 26. Bg4 Qxg3 27. Rxg2 Rxc3+ 28. Kb2 Qxe3 29. Qxc3 Rb8+ 30. Kc2 1-0


[Site "https://www.chess.com"]

[Event "Titled Tuesday Blitz November 08 Late 2022"]
[White "Ramirez, Maria Eugenia"]
[Black "Yang, Kevin"]
[WhiteFideId "3301680"]
[BlackFideId "30908485"]
[WhiteElo "1941"]
[BlackElo "2055"]
[Result "0-1"]
[Round "06"]
[TimeControl "180+1"]
[Date "2022.11.09"]
[WhiteClock "0:00:16"]
[BlackClock "0:00:07"]

1. e4 e5 2. Nf3 Nc6 3. Nc3 Bb4 4. Bb5 Nge7 5. O-O O-O 6. Nd5 Ba5 7. c3 a6 8. Bc4 b5 9. Bb3 d6 10. d4 Bg4 11. Be3 Rb8 12. h3 Bh5 13. Bg5 Qe8 14. Nxe7+ Nxe7 15. dxe5 Bxf3 16. Qxf3 dxe5 17. Rfd1 Ng6 18. Qg3 Kh8 19. h4 f6 20. Be3 Bb6 21. h5 Nf4 22. Bxf4 exf4 23. Qf3 f5 24. Re1 Qe5 25. h6 gxh6 26. Rad1 Rbd8 27. exf5 Qxf5 28. Rxd8 Rxd8 29. Be6 Qc5 30. Re4 Rf8 31. Rxf4 Qxf2+ 32. Qxf2 Rxf4 33. Qxb6 cxb6 34. Bb3 a5 35. Bd5 b4 36. cxb4 Rxb4 37. b3 Rd4 38. Bc4 Kg7 39. a4 h5 40. Kf2 Kf6 41. Ke3 Ke5 42. Kf3 h4 43. Bg8 h6 44. Bf7 Rf4+ 45. Ke3 Rxf7 0-1


[Site "https://www.chess.com"]

[Event "Titled Tuesday Blitz November 08 Late 2022"]
[White "Rangel, Daniel"]
[Black "Postnikov, Daniil"]
[WhiteFideId "2124475"]
[BlackFideId "4166329"]
[WhiteElo "2225"]
[BlackElo "2261"]
[Result "0-1"]
[Round "06"]
[TimeControl "180+1"]
[Date "2022.11.09"]
[WhiteClock "0:00:04"]
[BlackClock "0:00:35"]

1. c4 c5 2. g3 Nc6 3. Bg2 g6 4. Nc3 Bg7 5. e3 e5 6. Nge2 Nge7 7. O-O O-O 8. b3 d6 9. d3 f5 10. Bb2 Kh8 11. Nd5 Nxd5 12. cxd5 Ne7 13. Qc2 g5 14. f4 Ng6 15. Rae1 b6 16. e4 gxf4 17. gxf4 Qh4 18. fxe5 dxe5 19. exf5 Bxf5 20. Ng3 Bh3 21. Bxh3 Qxh3 22. Rxf8+ Rxf8 23. Rf1 Rxf1+ 24. Nxf1 Qf3 25. Qg2 Qxd3 26. Qd2 Qf3 27. Qg2 Qxg2+ 28. Kxg2 Nf4+ 29. Kf3 Nxd5 30. Ke4 Nb4 31. a3 Nc6 32. Kd5 Nd4 33. Ne3 Nxb3 34. Nc4 e4 35. Bxg7+ Kxg7 36. Kxe4 Kf6 37. Kd5 Kf5 38. Kc6 Kg4 39. Kb7 Na5+ 0-1


[Site "https://www.chess.com"]

[Event "Titled Tuesday Blitz November 08 Late 2022"]
[White "Romanchuk, Viktor"]
[Black "Bortnyk, Mykola"]
[WhiteFideId "14109271"]
[BlackFideId "14120836"]
[WhiteElo "2242"]
[BlackElo "2582"]
[Result "0-1"]
[Round "06"]
[TimeControl "180+1"]
[Date "2022.11.08"]
[WhiteClock "0:00:24"]
[BlackClock "0:00:44"]

1. d4 d5 2. c4 e6 3. Nc3 Bb4 4. Nf3 Nf6 5. cxd5 exd5 6. Bg5 c5 7. e3 Nc6 8. Bb5 h6 9. Bxf6 Qxf6 10. O-O Be6 11. dxc5 Bxc3 12. bxc3 O-O 13. Nd4 Ne5 14. c6 bxc6 15. Bxc6 Rac8 16. Bb5 Rxc3 17. Rc1 Ra3 18. Qe2 a6 19. Bxa6 Bg4 20. f3 Bxf3 21. Nxf3 Nxf3+ 22. Qxf3 Qxf3 23. Rxf3 Rxa6 24. Rc2 Re8 25. Rd2 Re5 26. Kf2 g5 27. h4 Kg7 28. hxg5 hxg5 29. Rh3 Ra3 30. Rh1 Raxe3 31. Rhd1 Ra3 32. Rxd5 Rxa2+ 33. R1d2 Rxd5 34. Rxa2 Kg6 35. Rb2 f5 36. Ra2 Kh5 37. Kg3 Rd3+ 38. Kf2 Kh4 39. Rb2 Rc3 40. Ra2 f4 41. Rb2 g4 42. Ra2 g3+ 43. Ke2 Kg4 44. Rb2 Rc1 45. Rd2 Rg1 46. Kd3 f3 47. gxf3+ Kxf3 0-1


[Site "https://www.chess.com"]

[Event "Titled Tuesday Blitz November 08 Late 2022"]
[White "Romero Ruscalleda, Josep"]
[Black "Janaszak, Dawid"]
[WhiteFideId "2231859"]
[BlackFideId "1119206"]
[WhiteElo "2183"]
[BlackElo "2226"]
[Result "0-1"]
[Round "06"]
[TimeControl "180+1"]
[Date "2022.11.09"]
[WhiteClock "0:00:01"]
[BlackClock "0:00:54"]

1. e4 c5 2. c3 e5 3. Nf3 Nc6 4. Bc4 Nf6 5. d3 d5 6. exd5 Nxd5 7. O-O Be7 8. Re1 f6 9. d4 cxd4 10. cxd4 Na5 11. Bb5+ Bd7 12. Bxd7+ Qxd7 13. dxe5 O-O-O 14. Bd2 Nc6 15. e6 Qc7 16. Qb3 g5 17. Nc3 Nf4 18. Nb5 Qb6 19. Bxf4 gxf4 20. Rac1 Kb8 21. Nc3 Nb4 22. Re4 Nd3 23. Qxb6 axb6 24. Rb1 Bc5 25. Nd1 Rhe8 26. Ne1 Ne5 27. Nc3 Rxe6 28. Rxf4 Rd2 29. Ne4 Re2 30. Nxc5 bxc5 31. Kf1 Nc6 32. Nf3 Rc2 33. g3 Ree2 34. Nh4 Ne5 35. b4 c4 36. Rxf6 c3 37. b5 Rb2 38. Rd1 Red2 39. Re1 c2 40. b6 Kc8 41. Nf5 Rd1 42. Ne7+ Kd7 0-1


[Site "https://www.chess.com"]

[Event "Titled Tuesday Blitz November 08 Late 2022"]
[White "Rosenberg, Evan S"]
[Black "Lopez Perdomo, Juan David"]
[WhiteFideId "2019299"]
[BlackFideId "4405137"]
[WhiteElo "2381"]
[BlackElo "1965"]
[Result "0-1"]
[Round "06"]
[TimeControl "180+1"]
[Date "2022.11.09"]
[WhiteClock "0:01:29"]
[BlackClock "0:01:57"]

1. d4 c5 2. d5 e6 3. e4 exd5 4. exd5 d6 5. Be2 Nf6 6. Nf3 g6 7. Nc3 Bg7 8. O-O O-O 9. Nd2 Nbd7 10. Nc4 Nb6 11. a4 Nxc4 12. Bxc4 Re8 13. h3 Bd7 14. Bf4 Ne4 15. Nb5 Bxb2 16. Nxd6 Nxd6 17. Bxd6 Bxa1 18. Qxa1 Bxh3 19. Bg3 Bf5 0-1


[Site "https://www.chess.com"]

[Event "Titled Tuesday Blitz November 08 Late 2022"]
[White "Roux, Baptiste"]
[Black "Goryachkina, Aleksandra"]
[WhiteFideId "36017450"]
[BlackFideId "4147103"]
[WhiteElo "2077"]
[BlackElo "2484"]
[Result "0-1"]
[Round "06"]
[TimeControl "180+1"]
[Date "2022.11.09"]
[WhiteClock "0:00:05"]
[BlackClock "0:00:06"]

1. e4 c5 2. Nf3 e6 3. d3 d5 4. Nbd2 Nc6 5. g3 Nf6 6. Bg2 g6 7. O-O Bg7 8. Re1 O-O 9. c3 b6 10. Qe2 Ba6 11. c4 dxc4 12. dxc4 Nd7 13. h4 Qc7 14. h5 Rad8 15. Nf1 Nde5 16. Nxe5 Nxe5 17. Ne3 Rd4 18. b3 Nd3 19. Rd1 Nxc1 20. Raxc1 Rfd8 21. hxg6 hxg6 22. Rxd4 cxd4 23. Nf1 d3 24. Qe3 Bd4 25. Qd2 Qc5 26. Rd1 b5 27. cxb5 Bxb5 28. Ne3 a5 29. Rc1 Qb6 30. Nc4 Qa7 31. Kf1 Bxc4 32. Rxc4 Bc5 33. Bf3 Bb4 34. Qd1 d2 35. Kg2 Qd7 36. e5 Kg7 37. Rh4 Rh8 38. Qh1 Rxh4 39. gxh4 Qd4 40. Qd1 Qxe5 41. h5 g5 42. Bg4 f5 43. Bf3 g4 44. Be2 Qf4 45. Qc2 Qd6 46. Bxg4 fxg4 47. Qg6+ Kf8 48. Qf6+ Ke8 49. Qh8+ Kd7 50. Qg7+ Kc6 51. h6 d1=Q 52. Qxg4 Qxg4+ 0-1


[Site "https://www.chess.com"]

[Event "Titled Tuesday Blitz November 08 Late 2022"]
[White "Sargsyan, Anna M."]
[Black "Jones, Gawain C B"]
[WhiteFideId "13308130"]
[BlackFideId "409561"]
[WhiteElo "2284"]
[BlackElo "2657"]
[Result "0-1"]
[Round "06"]
[TimeControl "180+1"]
[Date "2022.11.08"]
[WhiteClock "0:00:12"]
[BlackClock "0:01:06"]

1. e4 e5 2. Nf3 Nc6 3. Bc4 Nf6 4. d3 Bc5 5. c3 d6 6. a4 a6 7. O-O h6 8. h3 Ba7 9. Be3 g5 10. Nbd2 g4 11. hxg4 Bxg4 12. Bxa7 Nxa7 13. Qb3 Nc6 14. d4 Na5 15. Bxf7+ Kf8 16. Qa2 Qe7 17. Bd5 c6 18. Bb3 Nh5 19. dxe5 dxe5 20. Qa3 Nxb3 21. Qxb3 Rg8 22. Qb4 c5 23. Qb6 Kg7 24. Nh2 Kh7 25. Nxg4 Rxg4 26. f3 Rg6 27. Qb3 Nf4 28. Kf2 Rxg2+ 29. Ke1 Rd8 0-1


[Site "https://www.chess.com"]

[Event "Titled Tuesday Blitz November 08 Late 2022"]
[White "Souleidis, Georgios"]
[Black "Bernat, David"]
[WhiteFideId "4206827"]
[BlackFideId "2099225"]
[WhiteElo "2401"]
[BlackElo "2337"]
[Result "1-0"]
[Round "06"]
[TimeControl "180+1"]
[Date "2022.11.09"]
[WhiteClock "0:00:25"]
[BlackClock "0:00:02"]

1. e4 c5 2. Be2 g6 3. d3 Bg7 4. f4 Nc6 5. Nf3 e6 6. O-O Nge7 7. c3 O-O 8. Be3 b6 9. d4 cxd4 10. cxd4 d5 11. e5 Nf5 12. Bf2 h5 13. Nc3 f6 14. Qd2 fxe5 15. dxe5 Bb7 16. Nb5 a6 17. Nbd4 Bh6 18. Nxe6 Qd7 19. Nxf8 Rxf8 20. Rad1 d4 21. Bd3 Nfe7 22. g3 Nd5 23. Qe2 Ndb4 24. Bxg6 Qg7 25. Be4 Bxf4 26. a3 d3 27. Qe1 Nc2 28. Qc3 Ne3 29. Bxe3 Bxe3+ 30. Kg2 Rc8 31. Qxd3 Bc5 32. b4 Be7 33. Qd7 Bf8 34. Qxg7+ Bxg7 35. Rd7 Ba8 36. e6 Ne5 37. Bxa8 Nxd7 38. Bb7 1-0


[Site "https://www.chess.com"]

[Event "Titled Tuesday Blitz November 08 Late 2022"]
[White "Sourath Biswas"]
[Black "Sibilio, Mario"]
[WhiteFideId "35091484"]
[BlackFideId "800422"]
[WhiteElo "2164"]
[BlackElo "2251"]
[Result "1-0"]
[Round "06"]
[TimeControl "180+1"]
[Date "2022.11.09"]
[WhiteClock "0:02:09"]
[BlackClock "0:01:19"]

1. d4 d6 2. Bf4 c5 3. dxc5 Qa5+ 4. Nc3 Qxc5 5. Nf3 Nf6 6. e4 Nbd7 7. Be2 a6 8. a4 e6 9. O-O Be7 10. a5 O-O 11. Nd2 Ne5 12. Be3 Qc7 13. f4 Ned7 14. Nc4 Rb8 15. Nb6 Nc5 16. Bf3 Rd8 17. Qe2 Nfd7 18. Nbd5 1-0


[Site "https://www.chess.com"]

[Event "Titled Tuesday Blitz November 08 Late 2022"]
[White "Steen, Bobby"]
[Black "Martinez, Shawn"]
[WhiteFideId "2053870"]
[BlackFideId "2039770"]
[WhiteElo "2146"]
[BlackElo "2174"]
[Result "0-1"]
[Round "06"]
[TimeControl "180+1"]
[Date "2022.11.09"]
[WhiteClock "0:01:17"]
[BlackClock "0:00:05"]

1. e4 c5 2. Nf3 e6 3. c3 d5 4. exd5 Qxd5 5. Bb5+ Nc6 6. Na3 Nf6 7. O-O Be7 8. Bc4 Qd8 9. Nc2 O-O 10. d4 cxd4 11. Ncxd4 Nxd4 12. Nxd4 e5 13. Nb5 Bg4 14. Qxd8 Rfxd8 15. Be3 a6 16. Na3 b5 17. Bb3 Nd5 18. Bxd5 Rxd5 19. Nc2 Rad8 20. Nb4 Bxb4 21. cxb4 f5 22. f3 Bh5 23. Rac1 f4 24. Bb6 R8d6 25. Rc8+ Kf7 26. Bc5 Rd7 27. Rc6 Rd2 28. Rxa6 Rxb2 29. Rd6 Rxd6 30. Bxd6 Ke6 31. Bc7 e4 32. fxe4 g5 33. h4 h6 34. hxg5 hxg5 35. Bd8 Be2 36. Rc1 g4 37. Rc6+ Kd7 38. Rf6 g3 0-1


[Site "https://www.chess.com"]